 Dungeon Crawl Stone Soup version 0.16.1-11-g651b585 (webtiles) character file.

7422 jacksonaction the Nimble (level 11, -12/115 HPs)
             Began as an Octopode Berserker on Apr 1, 2015.
             Was an Elder of Trog.
             Mangled by a wandering mushroom (14 damage)
             ... on level 2 of the Lair of Beasts on Apr 2, 2015.
             The game lasted 01:09:10 (9204 turns).

jacksonaction the Nimble (Octopode Berserker)       Turns: 9204, Time: 01:09:10

Health: -12/115    AC:  1    Str: 24    XL:     11   Next: 15%
Magic:  0/19       EV: 14    Int: 10    God:    Trog [****..]
Gold:   525        SH:  0    Dex: 12    Spells: 0 memorised, 10 levels left

rFire  . . .     SeeInvis +     E - +0 trident
rCold  + . .     Clarity  .     h - +0 large shield
rNeg   . . .     SustAb   .     (helmet restricted)
rPois  .         Gourm    .     t - amulet of guardian spirit
rElec  .         Spirit   +     b - ring of protection from cold
rCorr  .         Warding  .     H - +2 ring of evasion
rMut   .         Stasis   .     N - ring of see invisible
MR     .....                    (no ring)
Stlth  ..........               (no ring)
                                (no ring)
                                (no ring)
                                (no ring)

@: confused, berserking (expiring), very quick, not resistant to hostile
enchantments, extremely unstealthy
A: almost no armour, amphibious, 8 rings, constrict 8, camouflage 1, gelatinous
body 1
a: Burn Spellbooks, Berserk, Trog's Hand, Brothers in Arms, Renounce Religion


You were on level 2 of the Lair of Beasts.
You worshipped Trog.
Trog was greatly pleased with you.
You were not hungry.

You visited 2 branches of the dungeon, and saw 11 of its levels.

You collected 525 gold pieces.

Inventory:

Hand weapons
 B - a +0 hunting sling
 E - a +0 trident (weapon)
Missiles
 j - 14 sling bullets of frost
 u - 10 tomahawks (quivered)
 y - 63 sling bullets
 L - 13 bolts
Armour
 h - a +0 large shield (worn)
 i - a +0 buckler
Jewellery
 b - a ring of protection from cold (left tentacle)
 t - an amulet of guardian spirit (around mantle)
 H - a +2 ring of evasion (right tentacle)
 N - a ring of see invisible (on tentacle)
Magical devices
 a - a wand of enslavement (6)
 r - a wand of cold (11)
 A - a wand of teleportation (1)
 D - a wand of fire (4)
Scrolls
 g - a scroll of brand weapon {unknown}
 k - a scroll of fog {unknown}
 n - 2 scrolls of remove curse
 o - a scroll of recharging
 p - 2 scrolls of magic mapping
 q - 2 scrolls of enchant weapon {unknown}
 C - a scroll of enchant armour {unknown}
 G - 3 scrolls of teleportation
 I - 2 scrolls of blinking {unknown}
 K - a scroll of amnesia {unknown}
 M - a scroll of fear {unknown}
Potions
 d - 3 potions of curing {unknown}
 e - 2 potions of haste {unknown}
 f - 2 potions of might {unknown}
 l - 3 potions of agility
 m - 3 potions of magic {unknown}
 s - 2 potions of brilliance {unknown}
 w - 3 potions of poison {unknown}
 J - 2 potions of heal wounds {unknown}
Comestibles
 c - 2 bread rations
 v - 3 beef jerkies
 x - 3 slices of pizza


   Skills:
 + Level 8.2 Fighting
 + Level 8.9 Polearms
 - Level 4.1 Slings
 - Level 9.0 Dodging
 - Level 7.0 Stealth
 * Level 4.9 Shields
 * Level 5.0 Evocations


You had 10 spell levels left.
You didn't know any spells.

Dungeon Overview and Level Annotations

Branches:
Dungeon (9/15)             Temple (0/1) D:4            Lair (2/8) D:8
    Orc: D:9-12

Altars:
Ashenzari
Dithmenos
Elyvilon
Fedhas
Gozag
Makhleb
Nemelex Xobeh
Trog
Vehumet
Yredelemnul
Zin

Annotations:
D:8 Joseph


Innate Abilities, Weirdness & Mutations

You cannot wear most types of armour.
You are amphibious.
You can wear up to eight rings at the same time.
You can use your tentacles to constrict many enemies at once.
Your skin changes colour to match your surroundings (Stealth).
Your rubbery body absorbs attacks (AC +1).


Message History

You're too confused!
Unknown command.
Drink which item? (? for menu, Esc to quit)
A red film seems to cover your vision as you go berserk!
You feel yourself moving faster!
You feel mighty!
The wandering mushroom releases spores at you!!
* * * LOW HITPOINT WARNING * * *
You are engulfed in a cloud of spores!
You are more confused.
The wandering mushroom barely misses you.
You feel a strong urge to attack something.
The wandering mushroom releases spores at you!!
* * * LOW HITPOINT WARNING * * *
You are engulfed in a cloud of spores!
The wandering mushroom closely misses you.
You are too berserk!
You puncture the fungus! You squeeze the fungus!
The fungus is heavily damaged.
The wandering mushroom releases spores at you!
You die...

#. ....≈. .##.. .≈.≈..
≈.≈ .....### ##..♣≈..
≈.♣♣
.#.....###......♣♣.♣.#
#.....<..#..# #.#....#
#..........## #.[...###
#....)#.#...###.#..[..##
#.....##.....#.f.P≈≈..P#
.....#........f.@≈≈≈≈..#
......P.....#..≈≈≈≈≈≈≈P.#
....P.....##.P≈≈≈≈≈≈≈..
.........##...≈≈≈≈≈≈..
.........#.P.≈≈≈≈≈..
............≈≈≈≈..
.......#P..f....
...######.#... ##.


You could see 3 wandering mushrooms.

Vanquished Creatures
  2 hydras (Lair:1)
  2 black mambas (Lair:1)
  3 spiny frogs (Lair:1)
  Grinder (D:3)
  3 blink frogs (Lair:1)
  3 hippogriffs
  An orc warrior (D:8)
  2 phantoms (D:8)
  A crocodile (Lair:1)
  3 ogres
  2 sky beasts (D:8)
  2 big kobolds
  3 centaurs
  3 giant frogs
  A wyvern zombie (D:8)
  5 killer bees (D:8)
  5 scorpions
  2 crimson imps
  7 wights
  A gnoll shaman (D:8)
  5 hounds
  2 giant frog zombies
  A jelly (D:6)
  Crazy Yiuf (D:3)
  4 orc priests
  A centaur skeleton (D:8)
  A giant frog skeleton (D:5)
  5 iguanas
  3 worker ants (D:8)
  4 sheep (Lair:1)
  Jessica (D:3)
  A hound skeleton (D:5)
  3 worker ant zombies
  6 adders
  3 giant mites
  3 shadow imps
  3 worms
  An adder zombie (D:8)
  An adder skeleton (D:6)
  4 giant geckos
  2 oozes
  27 orcs
  A ball python (D:5)
  5 giant cockroaches
  11 hobgoblins
  22 jackals
  7 quokkas
  A ball python skeleton (D:4)
  14 bats
  A giant gecko skeleton (D:7)
  7 giant newts
  12 goblins
  25 kobolds
  A quokka skeleton (D:4)
  14 rats
255 creatures vanquished.

Vanquished Creatures (collateral kills)
  A hill giant (D:8)
1 creature vanquished.

Vanquished Creatures (others)
  A two-headed ogre (Lair:1)
  An ogre (Lair:1)
2 creatures vanquished.

Grand Total: 258 creatures vanquished

Notes
Turn   | Place    | Note
--------------------------------------------------------------
     0 | D:1      | jacksonaction, the Octopode Berserker, began the quest for the Orb.
     0 | D:1      | Reached XP level 1. HP: 16/16 MP: 1/1
   266 | D:1      | Reached skill level 1 in Stealth
   266 | D:1      | Reached XP level 2. HP: 6/21 MP: 2/2
   561 | D:1      | Acquired Trog's second power
   707 | D:1      | Reached XP level 3. HP: 21/26 MP: 3/3
  1078 | D:2      | Found a white marble altar of Elyvilon.
  1406 | D:2      | Reached XP level 4. HP: 7/31 MP: 4/4
  2145 | D:3      | Noticed Grinder
  2173 | D:3      | Killed Grinder
  2173 | D:3      | Reached skill level 4 in Fighting
  2173 | D:3      | Reached skill level 5 in Stealth
  2173 | D:3      | Reached XP level 5. HP: 37/37 MP: 5/5
  2173 | D:3      | Reached XP level 6. HP: 43/43 MP: 6/6
  2322 | D:3      | Noticed an ogre
  2331 | D:3      | Killed an ogre
  2575 | D:3      | Noticed Crazy Yiuf
  2584 | D:3      | Killed Crazy Yiuf
  2657 | D:3      | Reached XP level 7. HP: 48/48 MP: 7/7
  2783 | D:3      | Reached skill level 6 in Stealth
  2785 | D:3      | Noticed Jessica
  2810 | D:3      | Killed Jessica
  3335 | D:4      | Found an opulent altar of Gozag.
  3355 | D:4      | Found a blossoming altar of Fedhas.
  3355 | D:4      | Found a shattered altar of Ashenzari.
  3356 | D:4      | Found a shadowy altar of Dithmenos.
  3359 | D:4      | Found a sparkling altar of Nemelex Xobeh.
  3401 | D:4      | Acquired Trog's third power
  3407 | D:4      | Reached skill level 5 in Fighting
  3407 | D:4      | Reached skill level 5 in Polearms
  3448 | D:4      | Found a staircase to the Ecumenical Temple.
  3476 | D:4      | Noticed a hippogriff
  3526 | D:4      | Reached skill level 5 in Dodging
  3554 | D:4      | Killed a hippogriff
  3554 | D:4      | Reached XP level 8. HP: 55/55 MP: 5/8
  4020 | D:5      | Entered Level 5 of the Dungeon
  4894 | D:6      | Found a burning altar of Makhleb.
  4896 | D:6      | Found a glowing silver altar of Zin.
  4896 | D:6      | Noticed an angel
  4896 | D:6      | Noticed a green death
  5000 | D:6      | Reached skill level 1 in Evocations
  5128 | D:6      | Found a radiant altar of Vehumet.
  5534 | D:7      | Reached XP level 9. HP: 47/63 MP: 8/12
  5621 | D:7      | You fall through a shaft for 2 floors!
  5621 | D:9      | Found a bloodstained altar of Trog.
  5705 | D:8      | Found a basalt altar of Yredelemnul.
  5841 | D:8      | Reached skill level 7 in Polearms
  5913 | D:8      | Noticed a hill giant
  6234 | D:8      | Killed a hill giant
  6661 | D:8      | Reached skill level 8 in Polearms
  6661 | D:8      | Reached skill level 1 in Shields
  6852 | D:8      | Reached XP level 10. HP: 71/71 MP: 16/16
  6893 | D:8      | Found a staircase to the Lair.
  7083 | D:8      | Found a radiant altar of Vehumet.
  7458 | D:8      | Noticed Joseph
  7660 | Lair:1   | Entered Level 1 of the Lair of Beasts
  7830 | Lair:1   | Reached skill level 1 in Slings
  7836 | Lair:1   | Noticed a seven-headed hydra
  7848 | Lair:1   | Killed a seven-headed hydra
  7850 | Lair:1   | Received a gift from Trog
  8121 | Lair:1   | Noticed an eight-headed hydra
  8296 | Lair:1   | Reached skill level 9 in Dodging
  8344 | Lair:1   | Killed an eight-headed hydra
  8678 | Lair:1   | Noticed a black mamba
  8696 | Lair:1   | Killed a black mamba
  8696 | Lair:1   | Reached XP level 11. HP: 77/77 MP: 14/18
  9040 | Lair:1   | Reached skill level 5 in Evocations
  9202 | Lair:2   | HP: 2/115 [wandering mushroom (16)]
  9204 | Lair:2   | Mangled by a wandering mushroom

Action                   |  1- 3 |  4- 6 |  7- 9 | 10-12 || total
-------------------------+-------+-------+-------+-------++-------
Melee: Spear             |   124 |    87 |   133 |       ||   344
       Trident           |       |       |   264 |   149 ||   413
 Fire: Hunting sling     |       |       |       |     1 ||     1
Throw: Stone             |    24 |       |       |       ||    24
       Tomahawk          |       |    21 |    91 |    25 ||   137
Invok: Trog's Hand       |       |     3 |     9 |     3 ||    15
       Berserk           |       |     3 |     6 |     4 ||    13
       Brothers in Arms  |       |       |     2 |     2 ||     4
Evoke: Wand              |       |       |       |     4 ||     4
  Use: Scroll            |       |     2 |     7 |     1 ||    10
       Potion            |       |       |       |     1 ||     1
 Stab: Sleeping          |     4 |     6 |    23 |     5 ||    38
       Distracted        |       |       |     1 |     2 ||     3
  Eat: Chunk             |     2 |     7 |    20 |     2 ||    31
       Royal jelly       |       |       |     1 |       ||     1
       Meat ration       |       |       |       |     2 ||     2
